 Dungeon Crawl Stone Soup version 0.20.1-1-g8b1a95d (webtiles) character file.

8799 KoningWillie the Fencer (level 11, -3/103 HPs)
             Began as a Minotaur Fighter on Sept 19, 2017.
             Slain by a purple ugly thing (6 damage)
             ... on level 12 of the Dungeon.
             The game lasted 00:21:43 (12156 turns).

KoningWillie the Fencer (Minotaur Fighter)         Turns: 12156, Time: 00:21:44

Health: -3/103     AC: 20    Str: 23    XL:     11   Next: 14%
Magic:  10/10      EV:  8    Int:  7    God:
Gold:   625        SH:  0    Dex: 11    Spells: 10/10 levels left

rFire    + . .     SeeInvis .   E - +4 great sword
rCold    + + .     Gourm    .   (shield currently unavailable)
rNeg     . . .     Faith    .   D - +6 plate armour of Kleptomania {rElec rPois Int+2}
rPois    +         Spirit   .   (helmet restricted)
rElec    +         Reflect  .   y - scarf {rC+ rF+}
rCorr    .         Harm     .   (no gloves)
MR       +....                  (no boots)
Stlth    ..........             (no amulet)
Regen    0.3/turn               r - ring of poison resistance
MPRegen  0.2/turn               n - ring of protection from cold

@: no status effects
A: retaliatory headbutt, horns 2, magic resistance 1, robust 1, wild magic 1
a: no special abilities


You were on level 12 of the Dungeon.
You were not hungry.

You visited 1 branch of the dungeon, and saw 12 of its levels.

You collected 625 gold pieces.

Inventory:

Hand Weapons
 a - a +1 long sword
 E - a +4 great sword (weapon)
Missiles
 j - 307 stones (quivered)
Armour
 c - a +0 shield
 y - a scarf of resistance (worn)
 D - the +6 plate armour of Kleptomania (worn) {rElec rPois Int+2}
   (You found it on level 6 of the Dungeon)

   It affects your intelligence (+2).
   It insulates you from electricity.
   It protects you from poison.
 O - the cursed +1 scale mail of the Pit {rPois rN+, unknown}
   (You found it on level 10 of the Dungeon)

   It protects you from poison.
   It protects you from negative energy.
   It has a curse placed upon it.
Jewellery
 m - an uncursed ring of flight
 n - a ring of protection from cold (right hand)
 r - a ring of poison resistance (left hand)
 I - an uncursed ring of ice
 M - an uncursed ring of resist corrosion
Wands
 i - a wand of enslavement (13/24)
 k - a wand of iceblast (9/15)
 z - a wand of lightning (10/15)
 A - a wand of iceblast (12/15)
 B - a wand of confusion (23/48)
 J - a wand of disintegration (18/24)
 K - a wand of iceblast (5/15)
Scrolls
 e - 5 scrolls of teleportation
 h - a scroll of fog
 l - 5 scrolls of remove curse
 p - 2 scrolls of recharging
 q - 6 scrolls of blinking
 t - 2 scrolls of enchant armour
 C - 2 scrolls of identify
 N - a scroll of magic mapping {unknown}
Potions
 d - a potion of might
 o - 2 potions of lignification
 s - a potion of flight
 v - a potion of magic
 w - a potion of brilliance {unknown}
 x - a potion of resistance
 G - 2 potions of ambrosia
 H - a potion of invisibility {unknown}
 L - a potion of haste {unknown}
Books
 b - a book of Minor Magic

   Spells                             Type                      Level
   a - Magic Dart                     Conjuration                  1
   b - Blink                          Translocation                2
   c - Call Imp                       Summoning                    2
   d - Slow                           Hexes                        2
   e - Conjure Flame                  Conjuration/Fire             3
   f - Mephitic Cloud                 Conjuration/Poison/Air       3
 u - a book of Cantrips

   Spells                             Type                      Level
   a - Confusing Touch                Hexes                        1
   b - Animate Skeleton               Necromancy                   1
   c - Summon Small Mammal            Summoning                    1
   d - Apportation                    Translocation                1
 F - a book of Changes

   Spells                             Type                      Level
   a - Beastly Appendage              Transmutation                1
   b - Sticks to Snakes               Transmutation                2
   c - Spider Form                    Transmutation/Poison         3
   d - Ice Form                       Ice/Transmutation            4
   e - Blade Hands                    Transmutation                5
Comestibles
 f - a bread ration
 g - 2 meat rations


   Skills:
 + Level 8.1 Fighting
 * Level 15.4 Long Blades
 + Level 9.2 Armour
 - Level 2.8 Dodging
 - Level 1.3 Stealth
 - Level 6.4 Shields


You had 10 spell levels left.
You didn't know any spells.

Dungeon Overview and Level Annotations

Branches:
Dungeon (12/15)            Temple (0/1) D:4
   Lair: D:8-11         Orc: D:9-12

Altars:

Shops:
D:10 :(

Annotations:
D:11 Erica


Innate Abilities, Weirdness & Mutations

You reflexively headbutt those who attack you in melee.
You have a pair of horns on your head.
You are resistant to hostile enchantments. (MR+)
You are robust. (+10% HP)
Your spells are a little harder to cast, but a little more powerful.


Message History

You carve the big kobold like a ham!!!
You kill the big kobold!
The purple ugly thing headbutts you!
* * * LOW HITPOINT WARNING * * *
There is a stone staircase leading down, spattered with blood here.
You see here a big kobold corpse.
The purple ugly thing headbutts you!
* * * LOW HITPOINT WARNING * * *
You climb downwards.
Found a potion of curing.
Found a stone staircase leading down.
There is a stone staircase leading up here.
You closely miss the purple ugly thing. The purple ugly thing headbutts you.
* * * LOW HITPOINT WARNING * * *
You barely miss the purple ugly thing.
The purple ugly thing headbutts you but does no damage.
You slice the purple ugly thing!!
The purple ugly thing is moderately wounded.
You feel a little less mighty now. The purple ugly thing headbutts you.
You die...

.... ...
#.. #..#
####...
.......
#..u###.#
#...@...#
##.#.#...#
.. ##.
...# ...
.. ..# ###
>.. .#
#... #
.... !.###


You could see a purple ugly thing.

Vanquished Creatures
  Erolcha (D:11)
  A hydra (D:11)
  2 two-headed ogres
  Maurice (D:9)
  A hippogriff (D:8)
  A yak (D:10)
  2 wyverns (D:11)
  2 hungry ghosts
  Menkaure (D:7)
  2 water moccasins
  7 orc warriors
  3 sky beasts
  An ice beast (D:9)
  2 phantoms (D:8)
  5 ogres
  2 centaurs
  A big kobold (D:11)
  4 bullfrogs
  A wyvern skeleton (D:10)
  5 scorpions
  9 wights
  2 howler monkeys
  An electric eel (D:10)
  A centaur zombie (D:4)
  6 crimson imps
  2 bullfrog zombies (D:7)
  4 hounds
  2 jellies
  2 quasits
  A bullfrog skeleton (D:8)
  2 centaur skeletons
  9 orc priests
  5 iguanas
  6 orc wizards
  8 worker ants
  A hound skeleton (D:11)
  2 worker ant zombies (D:5)
  8 gnolls
  2 howler monkey skeletons
  6 adders
  4 shadow imps
  An ooze (D:4)
  An adder skeleton (D:6)
  An adder zombie (D:6)
  4 worms
  2 dart slugs
  A leopard gecko (D:9)
  38 orcs
  2 ball pythons (D:1)
  3 giant cockroaches
  4 goblins
  4 hobgoblins
  9 jackals
  4 bats
  4 frilled lizards
  3 kobolds (D:2)
  A quokka skeleton (D:4)
  3 rats
213 creatures vanquished.

Notes
Turn   | Place    | Note
-------+----------+-------------------------------------------
     0 | D:1      | KoningWillie the Minotaur Fighter began the quest for the Orb.
     0 | D:1      | Reached XP level 1. HP: 19/19 MP: 0/0
   536 | D:2      | Reached XP level 2. HP: 27/27 MP: 1/1
  1004 | D:2      | Reached XP level 3. HP: 27/33 MP: 2/2
  1200 | D:2      | Gained mutation: You are resistant to hostile enchantments. (MR+) [potion of mutation]
  1200 | D:2      | Gained mutation: You are robust. (+10% HP) [potion of mutation]
  1200 | D:2      | Gained mutation: Your spells are a little harder to cast, but a little more powerful. [potion of mutation]
  1995 | D:3      | Reached skill level 1 in Dodging
  1995 | D:3      | Reached skill level 3 in Long Blades
  2057 | D:3      | Reached XP level 4. HP: 39/44 MP: 3/3
  2335 | D:4      | Found a sand-covered staircase.
  2593 | D:4      | Found a staircase to the Ecumenical Temple.
  2602 | D:4      | Reached XP level 5. HP: 47/51 MP: 4/4
  2836 | D:4      | Reached skill level 4 in Long Blades
  2836 | D:4      | Reached skill level 5 in Armour
  3209 | D:5      | Entered Level 5 of the Dungeon
  3232 | D:5      | Reached XP level 6. HP: 56/58 MP: 5/5
  3372 | D:5      | Reached skill level 1 in Stealth
  3613 | D:5      | Reached skill level 5 in Long Blades
  4311 | D:5      | Reached skill level 5 in Shields
  4311 | D:5      | Reached XP level 7. HP: 66/66 MP: 6/6
  5092 | D:6      | Reached skill level 5 in Fighting
  5092 | D:6      | Reached skill level 6 in Long Blades
  5624 | D:6      | Reached XP level 8. HP: 74/74 MP: 7/7
  5845 | D:6      | Reached skill level 7 in Long Blades
  6449 | D:6      | Got a transparent plate armour
  6460 | D:6      | Identified the +6 plate armour of Kleptomania {rElec rPois Int+2} (You found it on level 6 of the Dungeon)
  6671 | D:6      | Reached skill level 8 in Long Blades
  7498 | D:7      | Reached skill level 9 in Long Blades
  7677 | D:7      | Noticed Menkaure
  7683 | D:7      | Killed Menkaure
  7685 | D:7      | Reached XP level 9. HP: 42/81 MP: 8/8
  8347 | D:8      | Reached skill level 10 in Long Blades
  8476 | D:8      | Reached skill level 11 in Long Blades
  9060 | D:8      | Reached skill level 12 in Long Blades
  9892 | D:9      | Noticed a two-headed ogre
  9910 | D:9      | Killed a two-headed ogre
  9910 | D:9      | Reached skill level 13 in Long Blades
  9910 | D:9      | Reached XP level 10. HP: 84/92 MP: 9/9
 10454 | D:9      | Noticed Maurice
 10461 | D:9      | Killed Maurice
 10912 | D:9      | Reached skill level 14 in Long Blades
 11265 | D:10     | Entered Level 10 of the Dungeon
 11267 | D:10     | Got a dazzling scale mail
 11304 | D:10     | Found Muki's Book Boutique.
 11608 | D:10     | Found Raggepli's Weapon Shop.
 11985 | D:11     | Noticed Erica
 12020 | D:11     | Noticed a seven-headed hydra
 12090 | D:11     | Killed a ten-headed hydra
 12093 | D:11     | Noticed a two-headed ogre
 12097 | D:11     | Killed a two-headed ogre
 12097 | D:11     | Reached skill level 15 in Long Blades
 12097 | D:11     | Reached XP level 11. HP: 38/103 MP: 10/10
 12099 | D:11     | Noticed Erolcha
 12106 | D:11     | Killed Erolcha
 12121 | D:11     | Noticed a two-headed ogre
 12145 | D:11     | Noticed a purple ugly thing
 12152 | D:11     | HP: 5/103 [purple ugly thing (12)]
 12156 | D:12     | Slain by a purple ugly thing

Skill      XL: |  1  2  3  4  5  6  7  8  9 10 11 |
---------------+----------------------------------+-----
Armour         | 4 5 6 7 8 9 |  9.2
Fighting       | 4 5 6 7 8 |  8.1
Shields        | 4 5 6 |  6.4
Dodging        | 1 2 |  2.8
Long Blades    | 3 4 5 6 9 13 15 | 15.4
Stealth        | 1 |  1.3

Action                   |  1- 3 |  4- 6 |  7- 9 | 10-12 || total
-------------------------+-------+-------+-------+-------++-------
Melee: Long sword        |    90 |   109 |   162 |       ||   361
       Headbutt          |    15 |    20 |    66 |    24 ||   125
       Great sword       |       |       |   157 |   141 ||   298
Throw: Stone             |       |       |     3 |     1 ||     4
  Use: Scroll            |     7 |     9 |     4 |     4 ||    24
       Potion            |     3 |       |     2 |     2 ||     7
  Eat: Fruit             |     4 |       |     4 |       ||     8
       Royal jelly       |     1 |       |     1 |       ||     2
       Bread ration      |       |     2 |     2 |     1 ||     5
       Meat ration       |       |       |     1 |     1 ||     2
Armor: Scale mail        |    56 |    42 |    40 |       ||   138
       Plate armour      |       |       |   121 |   129 ||   250
Dodge: Dodged            |    36 |    39 |   106 |    64 ||   245
Block: Shield            |    41 |    55 |    54 |       ||   150
       Rpst.: Long sword |    13 |    10 |     8 |       ||    31
       Great sword       |       |       |    13 |    17 ||    30
